 Dungeon Crawl Stone Soup version 0.28-a0-245-g639a1a48b9 (webtiles) character file.

Game seed: 7237197897461300992

16 PentaManta the Skirmisher (level 2, -4/26 HPs)
             Began as a Ghoul Abyssal Knight on Aug 25, 2021.
             Was a Follower of Lugonu.
             Slain by Sigmund (8 damage)
             ... on level 2 of the Dungeon.
             The game lasted 00:01:52 (1228 turns).

PentaManta the Skirmisher (Ghoul Abyssal Knight)    Turns: 1228, Time: 00:01:53

Health: -4/26      AC:  5    Str: 15    XL:     2   Next: 54%
Magic:  2/2        EV: 10    Int:  7    God:    Lugonu [*.....]
Gold:   19         SH:  0    Dex:  8    Spells: 1/1 levels left

rFire   . . .      SeeInvis .     - Unarmed
rCold   + . .      Faith    .   (no shield)
rNeg    + + +      Spirit   .   b - +0 ring mail
rPois   ∞          Reflect  .   (no helmet)
rElec   .          Harm     .   (no cloak)
rCorr   .          Rampage  .   (no gloves)
Will    .....                   (no boots)
Stlth   ..........              (no amulet)
HPRegen 0.00/turn               (no ring)
MPRegen 0.08/turn               (no ring)

@: confused, inhibited regen
A: claws 1, cold resistance 1, negative energy resistance 3, inhibited
regeneration, torment resistance 2
a: Renounce Religion, Depart the Abyss


You were on level 2 of the Dungeon.
You worshipped Lugonu.
Lugonu was aware of your devotion.
You visited 1 branch of the dungeon, and saw 2 of its levels.
You visited the Abyss 1 time.

You collected 19 gold pieces.

Inventory:

Armour
 a - a +0 leather armour
 b - a +0 ring mail (worn)
Scrolls
 c - 2 scrolls of amnesia {unknown}
 e - a scroll of magic mapping {unknown}
 g - a scroll of teleportation {unknown}
Potions
 d - a potion of lignification {unknown}
 f - a potion of mutation {unknown}
 h - a potion of curing {unknown}


   Skills:
 - Level 3.5 Fighting
 - Level 1.7 Armour
 - Level 0.8 Dodging
 + Level 3.0 Unarmed Combat
 - Level 2.1 Invocations


You had one spell level left.
You didn't know any spells.
Your spell library contained the following spells:

 Spells                   Type           Power      Damage    Failure   Level
 Magic Dart               Conj           0%         1d3       65%         1
 Searing Ray              Conj           0%         3d3       80%         2
 Slow                     Hex            0%         N/A       80%         2
 Confusing Touch          Hex            0%         N/A       95%         3
 Fulminant Prism          Conj/Hex       0%         3d6       100%        4
 Yara's Violent Unravell  Hex/Tmut       0%         3d3       100%        5


Dungeon Overview and Level Annotations

Branches:
Dungeon (2/15)

Altars:

Annotations:
D:2 Sigmund


Innate Abilities, Weirdness & Mutations

You thrive by killing the living.
You are immune to poison.
You have sharp fingernails.
Your flesh is cold resistant. (rC+)
You are immune to negative energy. (rN+++)
You do not regenerate when monsters are visible.
You are immune to unholy pain and torment.


Message History

Sigmund is heavily wounded.
You barely miss Sigmund.
Sigmund is heavily wounded.
Sigmund points at you and mumbles some strange words.
You resist with significant effort.
You closely miss Sigmund.
Sigmund is heavily wounded.
Sigmund barely misses you.
You closely miss Sigmund.
Sigmund is heavily wounded.
You scratch Sigmund but do no damage.
Sigmund is heavily wounded.
Sigmund barely misses you.
Press: ? - help, v - describe, . - travel
Here: Sigmund, wielding a +2 scythe of venom and wearing a +1 robe (heavily wounded)
The floor.
You barely miss Sigmund.
Sigmund is heavily wounded.
Sigmund closely misses you.
You scratch Sigmund.
Sigmund is severely wounded.
You barely miss Sigmund. Your claw misses Sigmund.
Sigmund is severely wounded.
Sigmund completely misses you.
You closely miss Sigmund.
Sigmund is severely wounded.
Sigmund gestures at you while chanting.
You are confused.
You bump into the rock wall.
Sigmund closely misses you.
You bump into the rock wall.
You're too confused to attack without stumbling around!
You're too confused to attack without stumbling around!
You're too confused to attack without stumbling around!
You closely miss Sigmund.
Sigmund is severely wounded.
Sigmund hits you with a +2 scythe of venom.
* * * LOW HITPOINT WARNING * * *
You bump into the rock wall.
Sigmund hits you with a +2 scythe of venom!
You die...

..# #.######
#.# ..[....#
#.# #.####.#
... #.# #.#
#.# #.# #.#
#.#
#.####.#######
#.#
.............#
#@#
#.<...#####..#
#@# #.###.#
#..###.# #.#
#.# #......#
#.# #.
#..##### ##.
.. #..# . #.
..... . .....#
.. #####.# #.#


You could see Sigmund.

Vanquished Creatures
  A giant cockroach (D:1)
  2 hobgoblins (D:1)
  2 kobolds (D:1)
  3 quokkas (D:1)
  2 ball pythons (D:1)
  3 bats (D:1)
  2 frilled lizards (D:1)
15 creatures vanquished.

Notes
Turn   | Place    | Note
-------+----------+-------------------------------------------
     0 | Abyss:1  | PentaManta the Ghoul Abyssal Knight began the quest for the
                  | Orb.
     0 | Abyss:1  | Reached XP level 1. HP: 19/19 MP: 1/1
    48 | Abyss:1  | Noticed a large abomination
    50 | Abyss:1  | Noticed a small abomination
    52 | D:1      | Escaped the Abyss
   492 | D:1      | Reached XP level 2. HP: 11/26 MP: 2/2
   517 | D:1      | Reached * piety under Lugonu
  1000 | D:1      | Found a faded altar of an unknown god.
  1208 | D:2      | Noticed Sigmund
  1228 | D:2      | Slain by Sigmund

Illustrated notes

Levels and vault maps discovered:
D:1:      dpeg_arrival_lava_temple_mockup, layout_loops_ring,
          basic_ecumenical_altar
D:2:      layout_loops_ring, serial_shops,
          nicolae_shop_temple_entry_statues_fountains,
          kennysheep_cross_bottleneck, uniq_robin, uniq_sigmund, uniq_terence

Skill      XL: |  1  2 |
---------------+-------+-----
Unarmed Combat | 3 |  3.0
Fighting       | |  3.5
Armour         | |  1.7
Dodging        | |  0.8
Invocations    | |  2.1

Action                   || total
-------------------------++-------
Melee: Unarmed           ||    79
Invok: Depart the Abyss  ||     1
Armor: Ring mail         ||    25
Dodge: Dodged            ||    36

Table legend: (Time is in decaauts)
 A = Elapsed time spent in this place.
 B = Non-inter-level travel time spent in this place.
 C = Inter-level travel time spent in this place.
 D = Time resting spent in this place.
 E = Time spent auto-exploring this place.
 F = Levels seen in this place.
 G = Mean time per level.
                   A        B        C        D        E       F      G
               +--------+--------+--------+--------+--------+-----+--------+
         Total |   1223 |   1216 |      7 |    199 |    812 |   3 |  407.7 |
       Dungeon |   1171 |   1164 |      7 |    199 |    812 |   2 |  585.5 |
         Abyss |     52 |     52 |      0 |      0 |      0 |   1 |   52.0 |
               +--------+--------+--------+--------+--------+-----+--------+

Top non-repeatable levels by time:
     D:1: 1116 daAuts
     D:2: 55 daAuts
 Abyss:1: 52 daAuts
